TOP OF THE 1ST |
Blacksburg Tribe batting - Pitching for Kingsport Cherokees : RHP Jimmy Jones
|
Pitching: RHP Jimmy Jones
|
|
Batting: RHB Jesus Alcala
|
0-0: Called Strike 0-1: Fly out, F8 (Flyball, 8LD, EV 80.0 MPH)
|
Batting: RHB Jay Munson
|
0-0: Ball 1-0: Ball 2-0: Ball 3-0: Base on Balls
|
Batting: LHB George Cecchetti
|
0-0: TRIPLE (Flyball, 78XD, EV 92.5 MPH) Jay Munson scores
|
Batting: RHB Alwin Creel
|
0-0: Ball 1-0: Foul Ball, location: 2F 1-1: Ball 2-1: Ball 3-1: Foul Ball, location: 2F 3-2: Base on Balls
|
Batting: RHB Omar Mora
|
0-0: Called Strike 0-1: Ball 1-1: Fly out, F8 (Line Drive, 8LM, EV 99.4 MPH)
|
Batting: LHB Jose Infante
|
0-0: DOUBLE (Line Drive, 7LM, EV 107.5 MPH) George Cecchetti scores Alwin Creel to third
|
Batting: RHB Mike Isherwood
|
0-0: Ball 1-0: Ball 2-0: Ball 3-0: Base on Balls
|
Batting: RHB Michael Lanum
|
0-0: Ball 1-0: Ball 2-0: Called Strike 2-1: Swinging Strike 2-2: Ball 3-2: Strikes out swinging
|
Top of the 1st over - 2 runs, 2 hits, 0 errors, 3 left on base; Blacksburg 2 - Kingsport 0 |
BOTTOM OF THE 1ST |
Kingsport Cherokees batting - Pitching for Blacksburg Tribe : RHP John Asbell
|
Pitching: RHP John Asbell
|
|
Batting: SHB Terrence Derby
|
0-0: Called Strike 0-1: Ball 1-1: Called Strike 1-2: Foul Ball, location: 2F 1-2: Ball 2-2: Foul Ball, location: 2F 2-2: Strikes out swinging
|
Batting: RHB Joseph Kramer
|
0-0: Ball 1-0: Ball 2-0: Called Strike 2-1: Swinging Strike 2-2: Fly out, F9 (Flyball, 89D, EV 90.0 MPH)
|
Batting: LHB Ronald Davis
|
0-0: Swinging Strike 0-1: Ball 1-1: Ball 2-1: Swinging Strike 2-2: Strikes out swinging
|
Bottom of the 1st over - 0 runs, 0 hits, 0 errors, 0 left on base; Blacksburg 2 - Kingsport 0 |
TOP OF THE 2ND |
Blacksburg Tribe batting - Pitching for Kingsport Cherokees : RHP Jimmy Jones
|
Batting: SHB Luis Martinez
|
0-0: Reached on error, E4 (Groundball, 34, EV 105.0 MPH)
|
Batting: RHB Jesus Alcala
|
0-0: Foul Ball, location: 2F 0-1: Ball 1-1: Called Strike 1-2: Ball 2-2: Foul Ball, location: 2F 2-2: Ball 3-2: SINGLE (Flyball, 89M, EV 98.8 MPH) Luis Martinez to second Runner from 2nd tries for 3rd, SAFE, no throw by RF
|
Batting: RHB Jay Munson
|
0-0: Called Strike 0-1: Ball 1-1: Ball 2-1: Ball 3-1: Foul Ball, location: 2F 3-2: Base on Balls Jesus Alcala to second
|
Batting: LHB George Cecchetti
|
0-0: Called Strike 0-1: Ball 1-1: Ball 2-1: Swinging Strike 2-2: Grounds out, U3 (Groundball, 3L, EV 107.5 MPH) Luis Martinez scores Jesus Alcala to third
|
Batting: RHB Alwin Creel
|
0-0: Called Strike 0-1: Ball 1-1: Foul Ball, location: 2F 1-2: Foul Ball, location: 2F 1-2: Ball 2-2: Fly out, F3 (Popup, 3SF, EV 78.1 MPH)
|
Batting: RHB Omar Mora
|
0-0: Ball 1-0: Ball 2-0: Ball 3-0: Base on Balls
|
Batting: LHB Jose Infante
|
0-0: Foul Ball, location: 2F 0-1: Fly out, F8 (Line Drive, 8LM, EV 86.9 MPH)
|
Top of the 2nd over - 1 run, 1 hit, 1 error, 3 left on base; Blacksburg 3 - Kingsport 0 |
BOTTOM OF THE 2ND |
Kingsport Cherokees batting - Pitching for Blacksburg Tribe : RHP John Asbell
|
Batting: RHB James Hudson
|
0-0: Called Strike 0-1: Ball 1-1: Ball 2-1: Fly out, F9 (Flyball, 9D, EV 75.0 MPH)
|
Batting: LHB Peter Camelo
|
0-0: Ball 1-0: Ball 2-0: Ball 3-0: Base on Balls
|
Batting: RHB Timothy Smith
|
0-0: Called Strike 0-1: Fielders Choice at 2nd, 5-4 (Groundball, 56, EV 80.0 MPH)
|
Batting: RHB Juan Baez
|
0-0: Foul Ball, location: 2F 0-1: Swinging Strike 0-2: Strikes out swinging
|
Bottom of the 2nd over - 0 runs, 0 hits, 0 errors, 1 left on base; Blacksburg 3 - Kingsport 0 |
TOP OF THE 3RD |
Blacksburg Tribe batting - Pitching for Kingsport Cherokees : RHP Jimmy Jones
|
Batting: RHB Mike Isherwood
|
0-0: Called Strike 0-1: Ball 1-1: Swinging Strike 1-2: Ground out 5-3 (Groundball, 5, EV 88.1 MPH)
|
Batting: RHB Michael Lanum
|
0-0: Called Strike 0-1: Swinging Strike 0-2: Strikes out swinging
|
Batting: SHB Luis Martinez
|
0-0: Called Strike 0-1: Fly out, F8 (Flyball, 78D, EV 95.6 MPH)
|
Top of the 3rd over - 0 runs, 0 hits, 0 errors, 0 left on base; Blacksburg 3 - Kingsport 0 |
BOTTOM OF THE 3RD |
Kingsport Cherokees batting - Pitching for Blacksburg Tribe : RHP John Asbell
|
Batting: SHB Nelson Liriano
|
0-0: Called Strike 0-1: Ball 1-1: Ball 2-1: Foul Ball, location: 2F 2-2: Strikes out swinging
|
Batting: RHB Jose Sanchez
|
0-0: Called Strike 0-1: Called Strike 0-2: Strikes out swinging
|
Batting: SHB Terrence Derby
|
0-0: Ball 1-0: Ball 2-0: Ball 3-0: Called Strike 3-1: Foul Ball, location: 2F 3-2: Foul Ball, location: 2F 3-2: Foul Ball, location: 2F 3-2: Base on Balls
|
Batting: RHB Joseph Kramer
|
0-0: Ball Passed Ball! Terrence Derby to second 1-0: Ball 2-0: Ball 3-0: Called Strike 3-1: Fly out, F9 (Flyball, 9D, EV 103.1 MPH)
|
Bottom of the 3rd over - 0 runs, 0 hits, 0 errors, 1 left on base; Blacksburg 3 - Kingsport 0 |
TOP OF THE 4TH |
Blacksburg Tribe batting - Pitching for Kingsport Cherokees : RHP Jimmy Jones
|
Batting: RHB Jesus Alcala
|
0-0: Ball 1-0: Ball 2-0: Ball 3-0: Called Strike 3-1: Foul Ball, location: 2F 3-2: Reached on error, E5 (Groundball, 5S, EV 84.4 MPH)
|
Batting: RHB Jay Munson
|
0-0: Called Strike 0-1: Swinging Strike 0-2: Ball 1-2: Fly out, F2 (Popup, 15S, EV 91.3 MPH)
|
Batting: LHB George Cecchetti
|
0-0: Ball Jesus Alcala is caught stealing 3rd base 2-5 1-0: Ball 2-0: Called Strike 2-1: Fly out, F7 (Flyball, 7LD, EV 108.1 MPH)
|
Top of the 4th over - 0 runs, 0 hits, 1 error, 0 left on base; Blacksburg 3 - Kingsport 0 |
BOTTOM OF THE 4TH |
Kingsport Cherokees batting - Pitching for Blacksburg Tribe : RHP John Asbell
|
Batting: LHB Ronald Davis
|
0-0: Ball 1-0: Called Strike 1-1: Ground out 4-3 (Groundball, 4, EV 86.9 MPH)
|
Batting: RHB James Hudson
|
0-0: Foul Ball, location: 2F 0-1: Fly out, F8 (Flyball, 89XD, EV 105.6 MPH)
|
Batting: LHB Peter Camelo
|
0-0: Ball 1-0: Foul Ball, location: 2F 1-1: SOLO HOME RUN (Flyball, 9LD, EV 105.0 MPH), Distance : 348 ft
|
Batting: RHB Timothy Smith
|
0-0: Foul Ball, location: 2F 0-1: SINGLE (Line Drive, 6MD, EV 95.6 MPH)
|
Batting: RHB Juan Baez
|
0-0: Ball 1-0: Ball 2-0: Ball 3-0: Base on Balls Timothy Smith to second
|
Batting: SHB Nelson Liriano
|
0-0: Called Strike 0-1: Foul Ball, location: 2F 0-2: Ball 1-2: Strikes out swinging
|
Bottom of the 4th over - 1 run, 2 hits, 0 errors, 2 left on base; Blacksburg 3 - Kingsport 1 |
TOP OF THE 5TH |
Blacksburg Tribe batting - Pitching for Kingsport Cherokees : RHP Jimmy Jones
|
Batting: RHB Alwin Creel
|
0-0: Ball 1-0: Ball 2-0: Ball 3-0: Base on Balls
|
Batting: RHB Omar Mora
|
0-0: Grounds into double play, 5-4-3 (Groundball, 56, EV 88.1 MPH)
|
Batting: LHB Jose Infante
|
0-0: Foul Ball, location: 2F 0-1: Swinging Strike 0-2: Ball 1-2: Foul Ball, location: 2F 1-2: Ground out 6-3 (Groundball, 6MS, EV 73.1 MPH)
|
Top of the 5th over - 0 runs, 0 hits, 0 errors, 0 left on base; Blacksburg 3 - Kingsport 1 |
BOTTOM OF THE 5TH |
Kingsport Cherokees batting - Pitching for Blacksburg Tribe : RHP John Asbell
|
Batting: RHB Jose Sanchez
|
0-0: Swinging Strike 0-1: Ball 1-1: Ball 2-1: Ball 3-1: Foul Ball, location: 2F 3-2: Foul Ball, location: 2F 3-2: Base on Balls
|
Batting: SHB Terrence Derby
|
0-0: Bunted foul 0-1: Sac Bunt to 13S - play at first, batter OUT! 1-4 Jose Sanchez to second
|
Batting: RHB Joseph Kramer
|
0-0: Fly out, F8 (Flyball, 89D, EV 96.9 MPH) Runner from 2nd tags up, SAFE at 3rd, no throw by CF
|
Batting: LHB Ronald Davis
|
0-0: Called Strike 0-1: 2-RUN HOME RUN (Flyball, 89XD, EV 101.9 MPH), Distance : 436 ft
|
Batting: RHB James Hudson
|
0-0: SOLO HOME RUN (Flyball, 78XD, EV 95.6 MPH), Distance : 409 ft
|
Batting: LHB Peter Camelo
|
0-0: Ground out 4-3 (Groundball, 4, EV 101.9 MPH)
|
Bottom of the 5th over - 3 runs, 2 hits, 0 errors, 0 left on base; Blacksburg 3 - Kingsport 4 |
TOP OF THE 6TH |
Blacksburg Tribe batting - Pitching for Kingsport Cherokees : RHP Jimmy Jones
|
Batting: RHB Mike Isherwood
|
0-0: Called Strike 0-1: SINGLE (Groundball, 56S, EV 71.9 MPH) (infield hit)
|
Batting: RHB Michael Lanum
|
0-0: Sac Bunt to 2R - play at second, runner safe!
|
Batting: SHB Luis Martinez
|
0-0: Ball 1-0: Ball 2-0: Ball 3-0: Called Strike 3-1: Called Strike 3-2: Fly out, F7 (Line Drive, 7D, EV 99.4 MPH)
|
Batting: RHB Jesus Alcala
|
0-0: Ball 1-0: Foul Ball, location: 2F 1-1: Called Strike 1-2: Ball 2-2: Foul Ball, location: 2F 2-2: Ball 3-2: Strikes out swinging
|
Batting: RHB Jay Munson
|
0-0: Foul Ball, location: 2F 0-1: Swinging Strike 0-2: Ball 1-2: Ball 2-2: Ball 3-2: Ground out 5-3 (Groundball, 56, EV 90.0 MPH)
|
Top of the 6th over - 0 runs, 1 hit, 0 errors, 2 left on base; Blacksburg 3 - Kingsport 4 |
BOTTOM OF THE 6TH |
Kingsport Cherokees batting - Pitching for Blacksburg Tribe : RHP John Asbell
|
Batting: RHB Timothy Smith
|
0-0: Foul Ball, location: 2F 0-1: Ball 1-1: Ball 2-1: SINGLE (Line Drive, 8RS, EV 103.8 MPH)
|
Batting: RHB Juan Baez
|
0-0: Called Strike 0-1: Ball 1-1: Fly out, F8 (Line Drive, 8RM, EV 95.6 MPH)
|
Batting: SHB Nelson Liriano
|
0-0: Foul Ball, location: 2F 0-1: Ball 1-1: Ball 2-1: Fly out, F9 (Flyball, 89S, EV 82.5 MPH)
|
Batting: RHB Jose Sanchez
|
0-0: Ball 1-0: Fly out, F6 (Flyball, 56D, EV 75.0 MPH)
|
Bottom of the 6th over - 0 runs, 1 hit, 0 errors, 1 left on base; Blacksburg 3 - Kingsport 4 |
TOP OF THE 7TH |
Blacksburg Tribe batting - Pitching for Kingsport Cherokees : RHP Jimmy Jones
|
Batting: LHB George Cecchetti
|
0-0: Ball 1-0: Called Strike 1-1: Foul Ball, location: 2F 1-2: Ground out 4-3 (Groundball, 4, EV 77.5 MPH)
|
Batting: RHB Alwin Creel
|
0-0: Called Strike 0-1: Ball 1-1: Ball 2-1: Foul Ball, location: 2F 2-2: Foul Ball, location: 2F 2-2: Strikes out swinging
|
Batting: RHB Omar Mora
|
0-0: Swinging Strike 0-1: Ball 1-1: Foul Ball, location: 2F 1-2: Strikes out looking
|
Top of the 7th over - 0 runs, 0 hits, 0 errors, 0 left on base; Blacksburg 3 - Kingsport 4 |
BOTTOM OF THE 7TH |
Kingsport Cherokees batting - Pitching for Blacksburg Tribe : RHP John Asbell
|
Batting: SHB Terrence Derby
|
0-0: Foul Ball, location: 2F 0-1: Foul Ball, location: 2F 0-2: Strikes out swinging
|
Batting: RHB Joseph Kramer
|
0-0: Foul Ball, location: 2F 0-1: Fly out, F8 (Flyball, 8LM, EV 80.6 MPH)
|
Batting: LHB Ronald Davis
|
0-0: Ball 1-0: Ball 2-0: Ball 3-0: Called Strike 3-1: Foul Ball, location: 2F 3-2: Base on Balls
|
Batting: RHB James Hudson
|
0-0: Ball 1-0: Ball 2-0: Foul Ball, location: 2F 2-1: Foul Ball, location: 2F 2-2: Foul Ball, location: 2F 2-2: Foul Ball, location: 2F 2-2: Fielders Choice at 2nd, 6-4 (Groundball, 56, EV 85.0 MPH)
|
Bottom of the 7th over - 0 runs, 0 hits, 0 errors, 1 left on base; Blacksburg 3 - Kingsport 4 |
TOP OF THE 8TH |
Blacksburg Tribe batting - Pitching for Kingsport Cherokees : RHP Jimmy Jones
|
Batting: LHB Jose Infante
|
0-0: Called Strike 0-1: Foul Ball, location: 2F 0-2: Strikes out swinging
|
Batting: RHB Mike Isherwood
|
0-0: Fly out, F7 (Flyball, 7S, EV 76.9 MPH)
|
Batting: RHB Michael Lanum
|
0-0: Called Strike 0-1: Ball 1-1: Foul Ball, location: 2F 1-2: Ball 2-2: Fly out, F9 (Flyball, 9, EV 80.6 MPH)
|
Top of the 8th over - 0 runs, 0 hits, 0 errors, 0 left on base; Blacksburg 3 - Kingsport 4 |
BOTTOM OF THE 8TH |
Kingsport Cherokees batting - Pitching for Blacksburg Tribe : RHP John Asbell
|
Batting: LHB Peter Camelo
|
0-0: Called Strike 0-1: Ball 1-1: Ground out U3 (Groundball, 3, EV 85.0 MPH)
|
Batting: RHB Timothy Smith
|
0-0: Called Strike 0-1: Ball 1-1: Ground out 4-3 (Groundball, 4M, EV 84.4 MPH)
|
Batting: RHB Juan Baez
|
0-0: Ball 1-0: Foul Ball, location: 2F 1-1: Swinging Strike 1-2: Ball 2-2: Strikes out swinging
|
Bottom of the 8th over - 0 runs, 0 hits, 0 errors, 0 left on base; Blacksburg 3 - Kingsport 4 |
TOP OF THE 9TH |
Blacksburg Tribe batting - Pitching for Kingsport Cherokees : RHP Jimmy Jones
|
Batting: SHB Luis Martinez
|
0-0: Ball 1-0: Called Strike 1-1: Called Strike 1-2: Strikes out swinging
|
Batting: RHB Jesus Alcala
|
0-0: Foul Ball, location: 2F 0-1: Ball 1-1: Ground out 4-3 (Groundball, 4M, EV 109.4 MPH)
|
Batting: RHB Jay Munson
|
0-0: Foul Ball, location: 2F 0-1: Ball 1-1: Ball 2-1: Fly out, F8 (Flyball, 89D, EV 92.5 MPH)
|
Top of the 9th over - 0 runs, 0 hits, 0 errors, 0 left on base; Blacksburg 3 - Kingsport 4 |
|